AoeStats
← shanks3106

Hideout

508532879Analyzed
1v1 RM · 10d ago on Sep 22, 2026· 29m 33s· 2 players
Game mode
Random Map
Map size
Tiny (2 player)
Population
200
Speed
Normal
Resources
Standard
Victory
Conquest
Starting age
Dark Age
Ending age
Imperial Age
RankedLock teamsTeams togetherTeam positionsShared explorationLock speedFull tech treeHidden civsTurbo modeCheats
Victory
Defeat
🇺🇸 Burgundians · United States
900
+16
🇺🇸 Mongols · United States
894
-16
shanks3106
9:55 Feudal Age
10:23 Loom
10:57 Double-Bit Axe
15:07 Castle Age
13:15 Horse Collar
17:20 Wheelbarrow
19:10 Scale Barding Armor
21:19 Town Watch
22:07 Hand Cart
22:27 Bow Saw
25:15 Chain Barding Armor
25:05 Forging
26:09 Husbandry
27:44 Town Patrol
29:03 Pikeman
Bushman20
6:57 Double-Bit Axe
8:31 Loom
11:39 Feudal Age
10:18 Horse Collar
12:10 Gold Mining
12:27 Heavy Plow
12:40 Bow Saw
13:33 Wheelbarrow
19:16 Castle Age
17:58 Scale Barding Armor
19:59 Hand Cart
20:21 Gold Shaft Mining
21:47 Chain Barding Armor
22:47 Stone Mining
23:59 Forging
23:44 Cavalier
24:25 Husbandry
26:09 Iron Casting
Connection lost

Rejoining the realm…

Still unreachable

The connection could not be restored.

Session expired

The server has moved on; the page needs a fresh start.